Map: Interloper LE

Players

GAMETIME - Winner!

  • Race: Zerg Zerg
  • Spawn Location: 5:00

PengWin

  • Race: Zerg Zerg
  • Spawn Location: 11:00

Event: WCS Montreal 2017

VOD

Have the link to the VOD?

Description

Time

  • Played on: Sept. 8, 2017, 3:19 p.m.
  • Length: 5:23

All games in this series

Show
View Real Time Build Order
Export as new Build Order

GAMETIME Zerg - Winner!

Build Orders: Pool First 

Get SALT Encoding   

  12  0:19  Spawning Pool  
  11  0:23  Drone  
  11  0:27  Drone  
  13  0:33  Drone  
  14  0:42  Overlord  
  14  1:06  Zergling x4  
  14  1:07  Zergling x2  
  17  1:18  Zergling x2  
  18  1:20  Hatchery  
  17  1:28  Zergling x2  
  19  1:40  Queen, Zergling x2  
  19  1:42  Extractor  
  20  1:50  Drone  
  21  2:01  Drone  
  21  2:18  Overlord  
  21  2:31  Queen  
  20  2:39  Zergling x6  
  20  2:43  Metabolic Boost  
  23  2:46  Zergling x2  
  23  2:48  Zergling x2  
  23  2:52  Zergling x2  
  23  2:57  Zergling x2  
  25  2:59  Zergling x2  
  26  3:23  Zergling x12  
  26  3:26  Zergling x2  
  32  3:31  Zergling x2  
  32  3:32  Zergling x2  
  34  3:39  Overlord  
  34  3:45  Zergling x2  
  35  3:59  Zergling x2  
  35  4:01  Zergling x6  
  37  4:03  Zergling x2  
  36  4:10  Zergling x4  
  36  4:15  Zergling x2  
  39  4:18  Zergling x2  
  40  4:25  Zergling x2  
  37  4:31  Zergling x2  
  37  4:32  Zergling x2  
  37  4:36  Zergling x2  
  37  4:37  Zergling x2  
  33  4:43  Zergling x2  
  34  4:50  Zergling x4  
  34  4:52  Zergling x2  
  37  4:55  Zergling x2  
  35  5:02  Zergling x2  
  35  5:06  Zergling x2  
Show
View Real Time Build Order
Export as new Build Order

PengWin Zerg 

Build Orders: Pool First 

Get SALT Encoding   

  12  0:01  Drone  
  13  0:13  Overlord  
  13  0:17  Drone  
  14  0:31  Drone x2  
  14  0:34  Drone  
  17  0:39  Extractor  
  16  0:47  Spawning Pool  
  15  0:50  Drone  
  15  0:56  Drone  
  17  1:07  Drone  
  18  1:22  Hatchery  
  17  1:34  Zergling x2  
  17  1:36  Queen  
  20  1:43  Metabolic Boost  
  20  1:47  Zergling x2  
  20  1:52  Zergling x2  
  22  2:01  Overlord  
  19  2:20  Zergling x4  
  17  2:43  Drone x3  
  17  2:51  Drone x3  
  20  3:02  Drone x2  
  22  3:09  Drone  
  22  3:12  Drone  
  24  3:14  Drone  
  25  3:26  Baneling Nest, Zergling x4  
  24  3:31  Zergling x2  
  24  3:32  Zergling x2  
  26  3:35  Zergling x2  
  26  3:38  Zergling x2  
  28  3:43  Zergling x2  
  28  3:48  Zergling x4  
  31  3:50  Zergling x2  
  30  4:04  Zergling x8  
  32  4:12  Baneling x2  
  32  4:27  Queen  
  29  4:36  Zergling x6  
  30  4:43  Zergling x10  
  20  5:05  Drone  
  20  5:06  Drone x2  
Tags
 
Add a new tag
Caveats
  • Supply blocks, unpowered buildings, or Contaminate may cause inaccurate times.
  • Supply counts are checked every 10 seconds.